 Dungeon Crawl Stone Soup version 0.31-a0-1308-ga3cce3a448 (webtiles) character file.

Game seed: 13385992675385631612

8190 kae the Covert (level 11, -8/81 HPs)
             Began as a Demonspawn Enchanter on Dec 17, 2023.
             Was an Elder of Dithmenos.
             Mangled by a death yak (11 damage)
             ... on level 9 of the Dungeon on Dec 19, 2023.
             The game lasted 00:20:40 (12889 turns).

kae the Covert (Demonspawn Enchanter)              Turns: 12889, Time: 00:20:41

Health: -8/81      AC: 13    Str: 15    XL:     11   Next: 6%
Magic:  19/20      EV: 12    Int: 15    God:    Dithmenos [****..]
Gold:   239        SH:  0    Dex: 18    Spells: 14/22 levels left

rFire   . . .        a - +6 dagger
rCold   . . .        (no shield)
rNeg    + . .        H - +0 steam dragon scales
rPois   .            (no helmet)
rElec   .            o - +1 cloak
rCorr   .            k - +1 pair of gloves
SInv    .            u - +0 pair of boots
Will    .....        A - amulet of the acrobat
Stlth   ++++++       S - +6 ring of strength
HPRegen 0.33/turn    N - ring of positive energy
MPRegen 0.17/turn

%: acrobat
@: wreathed by umbra, invisible
A: hooves 2, slimy green scales 2, powered by death 1
a: Renounce Religion, Shadow Step


You were on level 9 of the Dungeon.
You worshipped Dithmenos.
Dithmenos was greatly pleased with you.
You visited 2 branches of the dungeon, and saw 10 of its levels.

You collected 404 gold pieces.
You spent 165 gold pieces at shops.


Innate Abilities, Weirdness & Mutations

You have hoof-like feet.
You are mostly covered in slimy green scales. (AC +3)
You regenerate a little health from kills.


   Skills:
 + Level 6.2 Fighting
 * Level 8.1 Short Blades
 - Level 1.7 Dodging
 * Level 9.2 Stealth
 + Level 6.0 Spellcasting
 + Level 6.8 Hexes
 * Level 4.2 Ice Magic


You had 14 spell levels left.
You knew the following spells:

 Your Spells              Type           Power      Damage    Failure   Level
a - Ensorcelled Hibernat  Hex/Ice        42%        N/A       2%          2
b - Confusing Touch       Hex            25%        N/A       2%          3
c - Tukima's Dance        Hex            25%        N/A       2%          3

Your spell library contained the following spells:

 Spells                   Type           Power      Damage    Failure   Level
 Dazzling Flash           Conj/Hex       28%        N/A       11%         3
 Foxfire                  Conj/Fire      16%        2x1d4     14%         1
 Kiss of Death            Conj/Necr      16%        2d6       14%         1
 Magic Dart               Conj           16%        1d3       14%         1
 Call Imp                 Summ           8%         N/A       22%         2
 Lesser Beckoning         Tloc           8%         N/A       22%         2
 Gell's Gravitas          Tloc           4%         N/A       41%         3
 Mephitic Cloud           Conj/Pois/Air  4%         N/A       41%         3
 Teleport Other           Tloc           4%         N/A       41%         3
 Dispel Undead            Necr           4%         3d7       82%         4
 Dispersal                Tloc           2%         N/A       100%        6
 Plasma Beam              Fire/Air       2%         2x1d12    100%        6
 Starburst                Conj/Fire      2%         6d3       100%        6

Inventory:

Hand Weapons
 a - a +6 dagger (weapon)
Missiles
 d - 73 stones
 l - 3 javelins
 n - 38 poisoned darts
 p - a throwing net {=f!f}
 q - 14 boomerangs
 r - a curare-tipped dart {=f}
Armour
 b - a +0 robe
 k - a +1 pair of gloves (worn)
   (You found it on level 2 of the Dungeon)
 o - a +1 cloak (worn)
   (You found it on level 2 of the Dungeon)
 u - a +0 pair of boots (worn)
   (You found it on level 4 of the Dungeon)
 H - +0 steam dragon scales (worn)
   (You found it on level 8 of the Dungeon)
Magical Staves
 t - a staff of cold {!a}
   (You found it on level 5 of the Dungeon)
 C - a staff of conjuration {!a}
   (You found it on level 6 of the Dungeon)
 F - a staff of cold {!a}
   (You found it on level 7 of the Dungeon)
Jewellery
 A - an amulet of the acrobat (around neck)
   (You bought it in a shop on level 7 of the Dungeon)
 L - a ring of flight
   (You found it on level 8 of the Dungeon)
 N - a ring of positive energy (right hand)
   (You found it on level 6 of the Dungeon)
 S - a +6 ring of strength (left hand)
   (You found it on level 1 of the Dungeon)
Wands
 h - a wand of roots (6)
   (You found it on level 7 of the Dungeon)
 I - a wand of charming (12)
   (You found it on level 8 of the Dungeon)
Scrolls
 f - 2 scrolls of vulnerability {!r!r}
 m - 2 scrolls of amnesia
 y - a scroll of immolation {!r!r}
 B - 2 scrolls of poison {!r}
 D - a scroll of silence {!r}
 E - 2 scrolls of fog
 G - 2 scrolls of identify {@r1}
Potions
 e - 2 potions of might
 g - 4 potions of mutation {!q}
 i - 2 potions of enlightenment
 j - 3 potions of curing {@q1}
 s - a potion of brilliance
 w - 2 potions of resistance
 x - a potion of haste {@q3}
 z - a potion of degeneration {!q}
 J - 2 potions of ambrosia

Dungeon Overview and Level Annotations

Branches:
Dungeon (9/15) Zot: 24486  Temple (1/1) D:4 Zot: 5998    Lair (0/5) D:9
    Orc (0/2) D:9

Altars:
Cheibriados
Dithmenos
Fedhas
Gozag
Hepliaklqana
Kikubaaqudgha
Makhleb
Nemelex Xobeh
Okawaru
Qazlal
Ru
Sif Muna
Trog
Uskayaw
Vehumet
Wu Jian
Xom
Yredelemnul

Shops:
D:5 :   D:6 (   D:7 [*

Annotations:
D:5 2 transporters
D:7 exclusion: ice statue

### #.# # ##.### ### # #....# ###
#.# ### ### # ##.### #.# #@# #.##
###.# #.## #.## #Y# #..###..##
#..####..######.## ##.#.....#
##.##........##..###)[......#
##....................##....#
##.............#...[..####...#
#.............###..#..####...####
..#...........# #[[..Y...........
..#..........####...........#####


You could see a death yak (unable to see you).


Message History

A death yak is nearby!
A death yak is nearby!
Casting: Confusing Touch (dangerous; 3% risk of failure)
Confirm with . or Enter, or press ? or * to list all spells.
Your hands begin to glow red.
The death yak snorts and paws the ground. 😎 MP[-3]
You lost 3 mp, and now have 16/19 mp.
You barely miss the death yak. The death yak gores you! 😕 HP[-16]
You take 16 damage, and now have 58/74 hp.
MASSIVE DAMAGE!! (PAUSE)
You completely miss the death yak.
The death yak bellows!
You hit the death yak but do no damage. The death yak closely misses you.
You hit the death yak but do no damage.
Your shadow hits the death yak but does no damage.
The death yak gores you but does no damage.
Unknown command.
You barely miss the death yak. 😕 HP[+1]
You hit the death yak but do no damage.
The death yak closely misses you. 😕 MP[+1] Unknown command.
You hit the death yak but do no damage. You hit the death yak but do no damage.
The death yak gores you! 😮 HP[-15]
You take 15 damage, and now have 44/74 hp.
MASSIVE DAMAGE!! (PAUSE)
You hit the death yak but do no damage. The death yak closely misses you.
You hit the death yak but do no damage. 😮 HP[+1]
You hit the death yak but do no damage. The death yak gores you. 😮 HP[-2]
You take 2 damage, and now have 43/74 hp.
You hit the death yak but do no damage. You hit the death yak but do no damage.
The death yak barely misses you.
You hit the death yak but do no damage.
Your shadow hits the death yak but does no damage.
The death yak gores you!
* * * LOW HITPOINT WARNING * * *
😨 HP[-9]
You take 9 damage, and now have 34/74 hp.
Okay, then.
You fade into invisibility!
The death yak closely misses you. 😨 HP[+1] MP[+1]
You catch the helpless death yak completely off-guard!
You hit the death yak but do no damage.
Your shadow hits the death yak with a dagger.
You hit the death yak but do no damage.
The death yak bellows!
You hit the death yak but do no damage.
Your hands stop glowing.
You hear a loud squeak.
You hit the death yak but do no damage.
You catch the helpless death yak completely off-guard!
You impale the death yak!!
Your shadow hits the death yak with a dagger.
The death yak gores you!!
* * * LOW HITPOINT WARNING * * *
😱 HP[-19]
You take 19 damage, and now have 16/74 hp.
MASSIVE DAMAGE!! (PAUSE)
You hit the death yak but do no damage.
You strike the helpless death yak from behind!
You impale the death yak!! You hit the death yak.
The death yak bellows!
You hit the death yak.
You kill the death yak!
Dithmenos accepts your kill.
You feel your intelligence returning.
Your life force feels restored.
You have reached level 11!
Your demonic ancestry asserts itself...
Your feet thicken and deform. 😱 HP[+2]
You now have 81 max hp (+7).
You regained 2 hp, and now have 18/81 hp.
You feel much better. The death yak gores you!!
* * * LOW HITPOINT WARNING * * *
😱 HP[-2] MP[+1]
You take 2 damage, and now have 16/81 hp.
You hit the death yak but do no damage. You hit the death yak but do no damage.
You strike the helpless death yak from behind!
You perforate the death yak like a sieve!!!
The death yak gores you but does no damage.
You see here a death yak corpse. 😱 HP[+1]
You hit the death yak but do no damage. You hit the death yak but do no damage.
Your shadow hits the death yak but does no damage.
The death yak gores you!
* * * LOW HITPOINT WARNING * * *
😱 HP[-15]
You take 15 damage, and now have 2/81 hp.
You hit the death yak. You hit the death yak but do no damage.
The death yak gores you!
You die...

Skill      XL: |  1  2  3  4  5  6  7  8  9 10 |
---------------+-------------------------------+-----
Short Blades   | 1 2 3 4 5 7 8 |  8.1
Stealth        | 3 4 5 6 8 9 |  9.2
Fighting       | 1 2 3 4 5 6 |  6.2
Spellcasting   | 3 4 5 6 |  6.0
Hexes          | 4 5 6 |  6.8
Ice Magic      | 1 4 |  4.2
Dodging        | |  1.7

Action                     |  1- 3 |  4- 6 |  7- 9 | 10-12 || total
---------------------------+-------+-------+-------+-------++-------
  Melee: Dagger            |   184 |   106 |   391 |   197 ||   878
         Kick              |    39 |    18 |       |       ||    57
         Punch             |     3 |     2 |     6 |     4 ||    15
   Cast: Ensorcelled Hiber |     9 |    20 |    82 |    32 ||   143
         Confusing Touch   |       |     1 |    18 |    14 ||    33
  Evoke: Wand              |       |       |       |     4 ||     4
    Use: Scroll            |     9 |    12 |     5 |     6 ||    32
         Potion            |       |       |     2 |     6 ||     8
   Stab: Sleeping          |     7 |    16 |    43 |    31 ||    97
         Distracted        |       |     1 |       |     1 ||     2
         Confused          |       |     1 |    14 |    13 ||    28
         Invisible         |       |       |       |     6 ||     6
 Armour: Robe              |    94 |    68 |   314 |    28 ||   504
         Skin              |       |       |    63 |       ||    63
         Steam dragon scal |       |       |       |    69 ||    69
  Dodge: Dodged            |   128 |    60 |   344 |   137 ||   669

Levels and vault maps discovered:
D:1:      dpeg_arrival_signposts, layout_rooms, kennysheep_decorative_pillar,
          chequers_serial_rivers_small_a
D:2:      layout_basic, minmay_tetromino_l2
D:3:      layout_rooms, nicolae_overflow_ecumenical_swirl, grunt_qazlal_clouds,
          hellmonk_ecumenical_altar_defaced_shrine
D:4:      layout_cave_pools, grunt_temple_overflow_order_and_chaos_1,
          minmay_temple_entry_wispy
D:5:      gammafunk_cloud_chamber, layout_basic, minivault_23,
          nicolae_shop_i_like_small_books_too, uniq_sigmund
D:6:      layout_gridville, serial_shops, nicolae_shop_peninsula, serial_undead,
          serial_undead_e, serial_undead_d, serial_undead_f, serial_undead_f,
          glass_columns_a
D:7:      lemuel_ice_statue, layout_loops_ring, dancing_weapons_uskayaw,
          serial_glass, glass_columns_a, glass_columns_a, glass_columns_b,
          glass_columns_a, glass_columns_a, glass_columns_b, glass_columns_a,
          glass_columns_b, minmay_strange_pillars, feat_on_display,
          serial_shops, nicolae_shop_behind_doors, nicolae_shop_stone,
          hangedman_decor_slide_cut
D:8:      layout_layer_cave, tgw_sif, serial_ice, serial_ice_m, serial_ice_k,
          serial_ice_h, serial_ice_c, serial_ice_d, serial_ice_a, uniq_amaemon
D:9:      layout_layer_cave, nicolae_overflow_macrodata_refinement,
          dpeg_lair_monsters, orc_0_dummy, minmay_puff
Temple:   hellmonk_temple_of_storms

Notes
Turn   | Place    | Note
-------+----------+-------------------------------------------
     0 | D:1      | kae the Demonspawn Enchanter began the quest for the Orb.
     0 | D:1      | Reached XP level 1. HP: 13/13 MP: 3/3
     0 | D:1      | magus.rc [v1.11.3]
   151 | D:1      | You pick up a book of Touch and begin reading...
   151 | D:1      | You add the spells Kiss of Death and Dispel Undead to your
                  | library.
   171 | D:1      | Reached skill level 1 in Short Blades
   240 | D:1      | HP: 2/13 [goblin/+0 club (2)]
   262 | D:1      | HP: 2/13 [kobold/+0 short sword (2)]
   264 | D:1      | Gained mutation: You have large cloven feet. [demonic
                  | ancestry]
   264 | D:1      | Reached XP level 2. HP: 4/19 MP: 5/5
   289 | D:1      | Learned a level 2 spell: Ensorcelled Hibernation
   363 | D:1      | Reached skill level 3 in Stealth
   716 | D:1      | Reached skill level 1 in Fighting
   716 | D:1      | Reached XP level 3. HP: 22/26 MP: 6/6
  1381 | D:3      | Reached skill level 2 in Short Blades
  1384 | D:3      | magus.rc [v1.11.3]
  1405 | D:3      | Reached XP level 4. HP: 32/32 MP: 3/7
  2178 | D:2      | Learned a level 3 spell: Confusing Touch
  2323 | D:3      | You pick up a book of Displacement and begin reading...
  2323 | D:3      | You add the spells Lesser Beckoning, Gell's Gravitas and
                  | Teleport Other to your library.
  2418 | D:3      | Found a stormy altar of Qazlal.
  2464 | D:3      | Found a faded altar of an unknown god.
  2469 | D:3      | Found a shadowy altar of Dithmenos.
  2543 | D:3      | Found a faded altar of an unknown god.
  2820 | D:4      | Learned a level 3 spell: Tukima's Dance
  2847 | D:4      | You pick up a book of Fire and begin reading...
  2847 | D:4      | You add the spells Foxfire, Plasma Beam and Starburst to
                  | your library.
  2865 | D:4      | Noticed an angel
  2874 | D:4      | Gained mutation: You are partially covered in slimy green
                  | scales. (AC +2) [demonic ancestry]
  2874 | D:4      | Reached XP level 5. HP: 37/37 MP: 8/8
  2876 | D:4      | Found a shimmering altar of Xom.
  2877 | D:4      | You pick up a book of Minor Magic and begin reading...
  2877 | D:4      | You add the spells Magic Dart, Call Imp and Mephitic Cloud
                  | to your library.
  2969 | D:4      | Found a staircase to the Ecumenical Temple.
  2979 | Temple   | Entered the Ecumenical Temple
  3284 | D:3      | Became a worshipper of Dithmenos the Shadowed
  3578 | D:5      | Entered Level 5 of the Dungeon
  3590 | D:5      | Found a transporter.
  3591 | D:5      | Noticed an ice beast
  3627 | D:4      | Killed an ice beast
  3628 | D:4      | Reached skill level 4 in Stealth
  3644 | D:5      | Reached skill level 2 in Fighting
  3680 | D:5      | Noticed Sigmund
  3688 | D:5      | Reached skill level 3 in Short Blades
  3688 | D:5      | Reached XP level 6. HP: 24/44 MP: 5/10
  3768 | D:5      | Reached skill level 3 in Spellcasting
  3834 | D:5      | Killed Sigmund
  3835 | D:5      | Reached skill level 4 in Hexes
  3835 | D:5      | Reached XP level 7. HP: 51/51 MP: 8/11
  4056 | D:5      | Reached skill level 5 in Stealth
  4067 | D:5      | Reached skill level 4 in Short Blades
  4086 | D:5      | Reached * piety under Dithmenos
  4174 | D:5      | Reached skill level 3 in Fighting
  4565 | D:5      | Gained mutation: You are mostly covered in slimy green
                  | scales. (AC +3) [demonic ancestry]
  4565 | D:5      | Reached XP level 8. HP: 50/58 MP: 10/13
  4658 | D:5      | Found a transporter.
  4828 | D:5      | Found Xiaghuet's Tiny Tomes.
  4993 | D:6      | Found Soymam's Antique Weapon Shoppe.
  5080 | D:6      | Reached skill level 4 in Spellcasting
  5096 | D:6      | Reached skill level 5 in Short Blades
  5096 | D:6      | Reached skill level 6 in Stealth
  5539 | D:6      | Reached skill level 5 in Hexes
  5545 | D:6      | Reached skill level 4 in Fighting
  6001 | D:6      | Reached XP level 9. HP: 65/65 MP: 8/15
  6006 | D:6      | Reached ** piety under Dithmenos
  6409 | D:7      | Reached skill level 7 in Stealth
  6460 | D:7      | Reached skill level 6 in Short Blades
  6697 | D:6      | HP: 15/66 [something (2)]
  6983 | D:7      | Identified the +6 chain mail of Noczemooti {Harm}
  6989 | D:7      | Found Kewk's Armour Emporium.
  7066 | D:7      | Found Xotuqiati's Assorted Antiques.
  7069 | D:7      | Bought a glowing diamond amulet for 165 gold pieces
  7140 | D:7      | Reached skill level 5 in Spellcasting
  7160 | D:7      | HP: 25/100 [killer bee (3)]
  7165 | D:7      | HP: 22/100 [poisoned by a killer bee]
  7166 | D:7      | Reached skill level 5 in Fighting
  7176 | D:7      | HP: 20/102 [kobold/+0 club (1)]
  7437 | D:7      | Noticed a +0 dagger
  7437 | D:7      | Noticed a +0 dagger
  7441 | D:7      | Found a hide-covered altar of Uskayaw.
  7538 | D:7      | Noticed an ice statue
  7779 | D:6      | HP: 11/68 [wolf (8)]
  8168 | D:7      | HP: 17/68 [killer bee (1)]
  8172 | D:7      | Reached skill level 6 in Hexes
  8173 | D:7      | HP: 11/68 [poisoned by a killer bee]
  8178 | D:7      | HP: 6/68 [poisoned by a killer bee]
  8398 | D:7      | Reached skill level 1 in Ice Magic
  8448 | D:7      | Reached skill level 8 in Stealth
  8468 | D:8      | Reached *** piety under Dithmenos
  8469 | D:8      | Reached skill level 7 in Short Blades
  8477 | D:7      | Gained mutation: You regenerate a little health from kills.
                  | [demonic ancestry]
  8477 | D:7      | Reached XP level 10. HP: 45/74 MP: 12/18
  8816 | D:8      | Reached skill level 2 in Ice Magic
  9025 | D:8      | Found a shimmering blue altar of Sif Muna.
  9232 | D:8      | Noticed Amaemon
  9233 | D:8      | Noticed an orange demon
  9278 | D:8      | Killed an orange demon
  9290 | D:8      | Killed Amaemon
  9561 | D:8      | Reached skill level 3 in Ice Magic
 10530 | D:9      | Reached skill level 6 in Fighting
 10704 | D:9      | Found a staircase to the Orcish Mines.
 10726 | D:9      | Noticed a death yak
 10728 | D:9      | Found a staircase to the Lair.
 10729 | D:9      | Noticed a death yak
 10730 | D:9      | Noticed a death yak
 10802 | D:9      | Found an ancient bone altar of Kikubaaqudgha.
 10802 | D:9      | Found a burning altar of Makhleb.
 10814 | D:8      | Reached skill level 9 in Stealth
 10904 | D:8      | HP: 12/76 [death yak (15)]
 11353 | D:8      | Found a shimmering blue altar of Sif Muna.
 11869 | D:8      | Killed a death yak
 11870 | D:8      | Reached skill level 8 in Short Blades
 12283 | D:9      | Upgraded the game from 0.31-a0-1278-g11c5b68f87 to
                  | 0.31-a0-1308-ga3cce3a448
 12283 | D:9      | magus.rc [v1.11.3]
 12381 | D:9      | Reached skill level 4 in Ice Magic
 12406 | D:9      | Reached **** piety under Dithmenos
 12621 | D:9      | Found a radiant altar of Vehumet.
 12639 | D:9      | Reached skill level 6 in Spellcasting
 12876 | D:9      | HP: 16/74 [death yak (20)]
 12880 | D:9      | Killed a death yak
 12881 | D:9      | Gained mutation: You have hoof-like feet. [demonic
                  | ancestry]
 12881 | D:9      | Reached XP level 11. HP: 18/81 MP: 18/20
 12881 | D:9      | HP: 16/81 [death yak (20)]
 12887 | D:9      | HP: 2/81 [death yak (15)]
 12889 | D:9      | Mangled by a death yak

Vanquished Creatures
  2 death yaks
  An orange demon (D:8)
  A polar bear (D:8)
  A troll (D:9)
  Sigmund (D:5)
  2 yaks (D:8)
  A steam dragon (D:8)
  4 vampire mosquitoes (D:7)
  2 acid dragons
  A sky beast (D:7)
  3 orc warriors
  3 ice beasts
  2 wolves
  4 centaurs
  5 ogres
  A phantom (D:7)
  2 kobold brigands
  8 scorpions
  A bullfrog (D:8)
  A wyvern skeleton (D:6)
  6 wights
  2 wyvern zombies (D:6)
  11 killer bees
  2 electric eels
  4 howler monkeys
  3 centaur zombies (D:6)
  3 bullfrog zombies (D:6)
  A wyvern simulacrum (D:8)
  A hound (D:5)
  A jelly (D:7)
  6 orc priests
  A bullfrog skeleton (D:6)
  A gnoll bouda (D:5)
  11 orc wizards
  A hell rat (D:9)
  A killer bee zombie (D:6)
  13 gnolls
  A howler monkey skeleton (D:6)
  3 adders
  A river rat (D:9)
  A shadow imp (D:7)
  3 white imps (D:8)
  5 ufetubi
  4 worms
  2 dart slugs
  41 orcs
  5 bats
  6 endoplasms
  3 giant cockroaches
  4 goblins
  10 hobgoblins
  6 jackals
  5 quokkas
  6 ball pythons
  3 frilled lizards
  15 kobolds
  6 rats
244 creatures vanquished.

Vanquished Creatures (others)
  Amaemon (D:8)
1 creature vanquished.

Grand Total: 245 creatures vanquished

Table legend:
 A = Non-vault XP
 B = Vault XP
 C = Vault XP percentage of total XP
 D = Non-vault monster count
 E = Vault monster count
 F = Vault count percentage of total count
                 A         B        C        D         E       F
            +---------+---------+-------+---------+---------+-------
      Total |    6843 |    4858 |  41.5 |     204 |      41 |  16.7
            +---------+---------+-------+---------+---------+-------
        D:1 |      51 |       0 |   0.0 |      30 |       0 |   0.0
        D:2 |      56 |       2 |   3.4 |      19 |       1 |   5.0
        D:3 |      76 |       9 |  10.6 |      12 |       3 |  20.0
        D:4 |     145 |       0 |   0.0 |       9 |       0 |   0.0
        D:5 |    1132 |     214 |  15.9 |      34 |       1 |   2.9
        D:6 |    1118 |     716 |  39.0 |      23 |      13 |  36.1
        D:7 |    2209 |       0 |   0.0 |      38 |       0 |   0.0
        D:8 |    1221 |    2679 |  68.7 |      26 |      13 |  33.3
        D:9 |     835 |    1238 |  59.7 |      13 |      10 |  43.5
            +---------+---------+-------+---------+---------+-------

Skill      XL: |  1  2  3  4  5  6  7  8  9 10 |
---------------+-------------------------------+-----
Short Blades   | 1 2 3 4 5 7 8 |  8.1
Stealth        | 3 4 5 6 8 9 |  9.2
Fighting       | 1 2 3 4 5 6 |  6.2
Spellcasting   | 3 4 5 6 |  6.0
Hexes          | 4 5 6 |  6.8
Ice Magic      | 1 4 |  4.2
Dodging        | |  1.7

Action                     |  1- 3 |  4- 6 |  7- 9 | 10-12 || total
---------------------------+-------+-------+-------+-------++-------
  Melee: Dagger            |   184 |   106 |   391 |   197 ||   878
         Kick              |    39 |    18 |       |       ||    57
         Punch             |     3 |     2 |     6 |     4 ||    15
   Cast: Ensorcelled Hiber |     9 |    20 |    82 |    32 ||   143
         Confusing Touch   |       |     1 |    18 |    14 ||    33
  Evoke: Wand              |       |       |       |     4 ||     4
    Use: Scroll            |     9 |    12 |     5 |     6 ||    32
         Potion            |       |       |     2 |     6 ||     8
   Stab: Sleeping          |     7 |    16 |    43 |    31 ||    97
         Distracted        |       |     1 |       |     1 ||     2
         Confused          |       |     1 |    14 |    13 ||    28
         Invisible         |       |       |       |     6 ||     6
 Armour: Robe              |    94 |    68 |   314 |    28 ||   504
         Skin              |       |       |    63 |       ||    63
         Steam dragon scal |       |       |       |    69 ||    69
  Dodge: Dodged            |   128 |    60 |   344 |   137 ||   669

Illustrated notes

Table legend:
 A = Kills in this place as a percentage of kills in the entire game.
 B = Kills by you in this place as a percentage of kills by you in the entire game.
 C = Kills by friends in this place as a percentage of kills by friends in the entire game.
 D = Other kills in this place as a percentage of other kills in the entire game.
 E = Experience gained in this place as a percentage of experience gained in the entire game.
 F = Experience gained in this place divided by the number of levels of this place that you have seen.
                   A       B       C       D       E      F
               +-------+-------+-------+-------+-------+----------------------
         Total | 100.0 | 100.0 |   N/A | 100.0 | 100.0 | 1170.1
       Dungeon | 100.0 | 100.0 |   N/A | 100.0 | 100.0 | 1300.1
               +-------+-------+-------+-------+-------+----------------------

Table legend: (Time is in decaauts)
 A = Elapsed time spent in this place.
 B = Non-inter-level travel time spent in this place.
 C = Inter-level travel time spent in this place.
 D = Time resting spent in this place.
 E = Time spent auto-exploring this place.
 F = Levels seen in this place.
 G = Mean time per level.
                   A        B        C        D        E       F      G
               +--------+--------+--------+--------+--------+-----+--------+
         Total |  12712 |  12240 |    472 |   1736 |   8200 |  10 | 1271.2 |
       Dungeon |  12711 |  12240 |    471 |   1736 |   8200 |   9 | 1412.3 |
        Temple |      1 |      1 |      0 |      0 |      0 |   1 |    1.0 |
               +--------+--------+--------+--------+--------+-----+--------+

Top non-repeatable levels by time:
     D:8: 2916 daAuts
     D:7: 1953 daAuts
     D:6: 1906 daAuts
     D:5: 1344 daAuts
     D:2: 1162 daAuts
     D:9: 1001 daAuts
     D:1: 911 daAuts
     D:3: 813 daAuts
     D:4: 701 daAuts
  Temple: 1 daAuts
